cohdb
Replays
Latest Replays
All Replays
Popular Replays
Top Player Replays
Match Explorer
How It Works
Community
CoH3 Stats
Reddit
Sign in to upload your games and track your stats! →
Sign in with Steam
Match 41057874
Unlisted
Match 41057874
Overview
Messages
Build Orders
End
Panzergrenadier Squad
Selects Panzerjäger Kommand Battlegroup
Selects Mine Fields
Panzergrenadier Squad
Construct Light Support Kompanie
MG34 Team
Selects Tank Busters
2.5-tonne Medical Truck
Panzerjäger Squad
Assault Mechanized Group
Selects Defensive Positions
Construct Mechanized Kompanie
Marder III Tank Destroyer
Selects Crew Shock Tactics
Selects Butterfly Bomb Drop
Selects Butterfly Bomb Drop
Butterfly Bomb Drop
Marder III Tank Destroyer
2.5-tonne Medical Truck
Selects Crew Shock Tactics
Assault Mechanized Group
Butterfly Bomb Drop
AI Takeover
Electrolf
Gatom
RadarContact
McGriggles
风城玫瑰
意如亦戊
0
0
Comments
sign in to comment!
No comments posted yet!